 Dungeon Crawl Stone Soup version 0.21.1-1-g345015fe64 (webtiles) character file.

1706 Ludini the Jinx (level 9, -2/39 HPs)
             Began as a Vine Stalker Enchanter on Mar 1, 2018.
             Was an Initiate of Cheibriados.
             Slain by a killer bee (3 damage)
             ... on level 8 of the Dungeon on Mar 2, 2018.
             The game lasted 00:16:20 (7052 turns).

Ludini the Jinx (Vine Stalker Enchanter)            Turns: 7052, Time: 00:16:20

Health: -2/39      AC:  8    Str: 12    XL:     9   Next: 3%
Magic:  0/17       EV: 12    Int: 19    God:    Cheibriados [......]
Gold:   312        SH:  0    Dex: 16    Spells: 12/18 levels left

rFire    . . .     SeeInvis .   q - +2 dagger (freeze)
rCold    . . .     Gourm    .   (no shield)
rNeg     . . .     Faith    .   y - +3 leather armour
rPois    .         Spirit   +   h - +0 hat
rElec    .         Reflect  .   u - +0 cloak
rCorr    .         Harm     .   (no gloves)
MR       +....                  j - +0 pair of boots
Stlth    +++.......             (no amulet)
HPRegen  0.53/turn              (no ring)
MPRegen  0.15/turn              (no ring)

@: lethally poisoned (-2 -> -5), very slow
A: fangs 3, regeneration 1, magic shield, antimagic bite, no potion heal 3, rot
immunity
a: Bend Time, Renounce Religion


You were on level 8 of the Dungeon.
You worshipped Cheibriados.
Cheibriados was noncommittal.
You were not hungry.

You visited 2 branches of the dungeon, and saw 9 of its levels.

You collected 312 gold pieces.

Inventory:

Hand Weapons
 q - a +2 dagger of freezing (weapon)
Armour
 h - a +0 hat (worn)
 j - a +0 pair of boots (worn)
 u - a +0 cloak (worn)
 y - a +3 leather armour (worn)
Jewellery
 s - an uncursed ring of positive energy {unknown}
 t - a cursed ring of teleportation {unknown}
Wands
 m - a wand of flame (35)
 w - a wand of enslavement (11)
 x - a wand of clouds (5)
Scrolls
 a - 3 scrolls of remove curse {unknown}
 e - 9 scrolls of identify
 l - 2 scrolls of fog
 o - 3 scrolls of teleportation {unknown}
 r - a scroll of fear {unknown}
Potions
 f - 3 potions of curing {unknown}
 g - a potion of haste {unknown}
 i - a potion of flight {unknown}
 k - a potion of lignification
 n - a potion of degeneration {unknown}
 p - a potion of mutation {unknown}
 v - a potion of might {unknown}
Books
 c - a book of Maledictions

   Spells                             Type                      Level
   a - Corona                         Hexes                        1
   b - Ensorcelled Hibernation        Hexes/Ice                    2
   c - Confuse                        Hexes                        3
   d - Tukima's Dance                 Hexes                        3
   e - Dazzling Spray                 Conjuration/Hexes            3
Comestibles
 b - 2 chunks of flesh
 d - 8 rations


   Skills:
 - Level 0.8 Short Blades
 - Level 1.5 Dodging
 + Level 7.2 Stealth
 + Level 5.2 Spellcasting
 * Level 9.2 Hexes
 - Level 2.0 Ice Magic


You had 12 spell levels left.
You knew the following spells:

 Your Spells              Type           Power        Failure   Level  Hunger
a - Corona                Hex            #####..      1%          1    None
b - Ensorcelled Hibernat  Hex/Ice        ####..       2%          2    #......
c - Confuse               Hex            #####...     1%          3    ##.....


Dungeon Overview and Level Annotations

Branches:
Dungeon (8/15)             Temple (1/1) D:6
   Lair: D:8-11

Altars:
Ashenzari
Cheibriados
Elyvilon
Fedhas
Hepliaklqana
Kikubaaqudgha
Makhleb
Nemelex Xobeh
Qazlal
Ru
Sif Muna
Vehumet
Xom
Yredelemnul
Zin

Shops:
D:5 *

Annotations:
D:2 1 runed door


Innate Abilities, Weirdness & Mutations

You have razor-sharp teeth.
Your natural rate of healing is unusually fast.
When hurt, damage is shared between your health and your magic reserves.
Your bite disrupts and absorbs the magic of your enemies.
Potions cannot restore your health.
You are immune to rotting.


Message History

You are more poisoned.
The killer bee poisons you! The killer bee barely misses you.
The killer bee stings you.
You hear an angry buzzing noise.
You feel sick. The killer bee stings you!
* * * LOW HITPOINT WARNING * * *
The killer bee completely misses you. The killer bee closely misses you.
The killer bee stings you but does no damage. x2
The killer bee barely misses you. The killer bee closely misses you.
The killer bee misses you.
The killer bee stings you but does no damage.
You hear an angry buzzing noise.
The killer bee buzzes angrily.
You feel sick.
You hear an angry buzzing noise. x2
The killer bee stings you.
* * * LOW HITPOINT WARNING * * *
The killer bee stings you.
* * * LOW HITPOINT WARNING * * *
The killer bee stings you.
You die...

.. ### ..## ..#
..... ....###.#
......
.......####.....#
.............# #
#.#...###.y# .#
#.).†.....# %#
#)..<.....# y#
.#.....y@y.# .#
#.....)...y.##y#
###.......yy..#
#..........##
#............#
#.....().......
#................
#################


You could see 6 killer bees.

Vanquished Creatures
  The ghost of NihilVerum the Sneak, an amateur OpAs (D:4)
  A water moccasin (D:6)
  2 ice beasts
  A black bear (D:7)
  An orc warrior (D:8)
  3 ogres
  A centaur (D:6)
  A killer bee (D:8)
  A howler monkey (D:5)
  2 crimson imps
  A bullfrog skeleton (D:5)
  2 hounds
  7 orc wizards
  3 orc priests
  2 worker ants
  2 howler monkey skeletons
  10 adders
  An adder zombie (D:5)
  An ooze (D:1)
  2 worms
  A dart slug (D:2)
  A leopard gecko (D:3)
  24 orcs
  3 ball pythons
  3 giant cockroaches
  6 goblins
  5 hobgoblins
  8 jackals
  2 quokkas
  6 bats
  2 frilled lizards
  5 kobolds
  5 rats
116 creatures vanquished.

Vanquished Creatures (others)
  A black bear (D:6)
  2 bullfrogs (D:6)
  A centaur skeleton (D:6)
  A worker ant (D:6)
  An adder (D:6)
  2 giant cockroaches (D:6)
8 creatures vanquished.

Grand Total: 124 creatures vanquished

Notes
Turn   | Place    | Note
-------+----------+-------------------------------------------
     0 | D:1      | Ludini the Vine Stalker Enchanter began the quest for the Orb.
     0 | D:1      | Reached XP level 1. HP: 9/9 MP: 4/4
   205 | D:1      | Reached XP level 2. HP: 11/13 MP: 4/6
   741 | D:1      | Reached skill level 4 in Hexes
   906 | D:1      | Learned a level 2 spell: Ensorcelled Hibernation
  1027 | D:2      | Reached XP level 3. HP: 16/16 MP: 4/7
  1169 | D:2      | Found a burning altar of Makhleb.
  1178 | D:2      | Reached skill level 1 in Ice Magic
  1178 | D:2      | Gained mutation: Your natural rate of healing is unusually fast. [Vine Stalker growth]
  1178 | D:2      | Reached XP level 4. HP: 19/21 MP: 4/8
  1625 | D:2      | Found a faded altar of an unknown god.
  1726 | D:2      | Found a runed door.
  2006 | D:3      | Found a basalt altar of Yredelemnul.
  2252 | D:3      | Noticed an ogre
  2253 | D:3      | HP: 1/21 [leopard gecko (2)]
  2449 | D:3      | Reached skill level 5 in Hexes
  2449 | D:3      | Reached XP level 5. HP: 15/24 MP: 4/9
  2540 | D:3      | Killed an ogre
  2682 | D:3      | Reached skill level 6 in Hexes
  2682 | D:3      | Reached XP level 6. HP: 23/28 MP: 7/10
  3085 | D:3      | Found a shattered altar of Ashenzari.
  3465 | D:4      | Noticed NihilVerum's ghost (amateur OpAs)
  3526 | D:4      | Found a radiant altar of Vehumet.
  3537 | D:4      | Learned a level 3 spell: Confuse
  3588 | D:4      | Killed NihilVerum's ghost
  3794 | D:4      | Reached XP level 7. HP: 32/32 MP: 12/12
  4238 | D:5      | Entered Level 5 of the Dungeon
  4288 | D:5      | Reached skill level 7 in Hexes
  4427 | D:5      | Reached skill level 5 in Stealth
  4458 | D:5      | Found Pynwot's General Store.
  5303 | D:6      | Gained mutation: You have razor-sharp teeth. [Vine Stalker growth]
  5303 | D:6      | Reached XP level 8. HP: 15/36 MP: 4/14
  5692 | D:6      | Found a shimmering altar of Xom.
  5702 | D:6      | Reached skill level 8 in Hexes
  6051 | D:6      | Found a staircase to the Ecumenical Temple.
  6168 | Temple   | Entered the Ecumenical Temple
  6197 | Temple   | Became a worshipper of Cheibriados the Contemplative
  7032 | D:8      | Reached skill level 5 in Spellcasting
  7032 | D:8      | Reached skill level 9 in Hexes
  7041 | D:8      | Reached XP level 9. HP: 39/39 MP: 17/17
  7047 | D:8      | Noticed a queen bee
  7052 | D:8      | HP: 1/39 [killer bee (3)]
  7052 | D:8      | Slain by a killer bee

Skill      XL: |  1  2  3  4  5  6  7  8 |
---------------+-------------------------+-----
Hexes          | 4 5 6 7 9 |  9.2
Ice Magic      | 1 2 |  2.0
Stealth        | 4 5 7 |  7.2
Spellcasting   | 3 5 |  5.2
Short Blades   | |  0.8
Dodging        | |  1.5

Action                   |  1- 3 |  4- 6 |  7- 9 || total
-------------------------+-------+-------+-------++-------
Melee: Dagger            |    36 |   147 |   172 ||   355
       Bite              |     8 |    26 |    36 ||    70
 Cast: Corona            |     7 |     2 |     1 ||    10
       Ensorcelled Hiber |     5 |    21 |    27 ||    53
       Confuse           |       |     3 |    11 ||    14
  Use: Scroll            |     4 |     1 |       ||     5
       Potion            |     2 |       |       ||     2
 Stab: Sleeping          |     7 |    16 |    29 ||    52
       Confused          |       |     1 |     9 ||    10
       Distracted        |       |       |     1 ||     1
  Eat: Chunk             |     1 |    10 |    13 ||    24
Armor: Robe              |     7 |    25 |    28 ||    60
       Leather armour    |       |       |     5 ||     5
Dodge: Dodged            |    25 |   125 |   111 ||   261
